 Dungeon Sprint DCSS version 0.29-a0-512-gf59ac788ac (webtiles) character file.

Game seed: 9160152214826387669

2833 mhtbhm the Martial Artist (level 9, -3/62 HPs)
             Began as a Merfolk Transmuter on May 30, 2022.
             Was an Initiate of Gozag.
             Killed from afar by a spriggan druid (24 damage)
             ... with a stone arrow
             ... in the Dungeon (Sprint IV: "Fedhas' Mad Dash").
             The game lasted 00:07:20 (2818 turns).

mhtbhm the Martial Artist (Merfolk Transmuter)      Turns: 2818, Time: 00:07:21

Health: -3/62      AC:  4    Str: 12    XL:     9   Next: 73%
Magic:  18/23      EV: 15    Int: 15    God:    Gozag
Gold:   722        SH:  0    Dex: 14    Spells: 7/28 levels left

rFire   . . .      SeeInvis .     - Unarmed
rCold   . . .      Faith    .   (shield currently unavailable)
rNeg    . . .      Spirit   .   a - +0 robe
rPois   .          Reflect  .   (no helmet)
rElec   .          Harm     .   d - +1 cloak
rCorr   .          Rampage  .   (gloves currently unavailable)
Will    .....      NoTele   +   (no boots)
Stlth   ++++......              g - amulet of invisibility {+Inv}
HPRegen 0.20/turn               (no ring)
MPRegen 0.18/turn               (no ring)

@: blade hands
A: (nimble swimmer 2), mertail
a: End Transformation, Renounce Religion, Evoke Invisibility, Potion Petition,
Call Merchant, Bribe Branch


You were in the Dungeon.
You worshipped Gozag.
Gozag was pleased with you.
You had blades for hands.
You visited 1 branch You collected 1598 gold pieces.
You spent 876 gold pieces at shops.

Inventory:

Armour
 a - a +0 robe (worn)
 d - a +1 cloak (worn)
 j - a +2 pair of gloves of dexterity (melded)
Jewellery
 g - the amulet of invisibility (around neck) {+Inv}
   (You found it in the Dungeon)

   [amulet of nothing]

   +Inv:      It lets you turn invisible.
Scrolls
 h - a scroll of blinking
 i - a scroll of amnesia
 k - a scroll of fog
Potions
 b - a potion of lignification
 c - a potion of curing
 e - 2 potions of haste
 f - 2 potions of magic
 m - 2 potions of brilliance
Miscellaneous
 l - a piece from Xom's chessboard (15/15)


   Skills:
 + Level 2.4 Fighting
 + Level 7.6 Dodging
 + Level 9.3 Stealth
 + Level 13.1 Unarmed Combat
 + Level 10.0 Spellcasting
 + Level 12.1 Transmutations
 + Level 0.7 Ice Magic
 + Level 1.7 Poison Magic
 + Level 7.8 Evocations


You had 7 spell levels left.
You knew the following spells:

 Your Spells              Type           Power      Damage    Failure   Level
a - Beastly Appendage     Tmut           86%        N/A       6%          1
b - Wereblood             Tmut           43%        N/A       7%          2
c - Spider Form           Tmut/Pois      28%        N/A       19%         3
d - Ice Form              Ice/Tmut       26%        N/A       38%         4
e - Blade Hands           Tmut           21%        N/A       21%         5
f - Statue Form           Tmut/Erth      16%        N/A       97%         6

Your spell library contained the following spells:

 Spells                   Type           Power      Damage    Failure   Level
 Portal Projectile        Hex/Tloc       14%        N/A       71%         3
 Tukima's Dance           Hex            7%         N/A       71%         3
 Leda's Liquefaction      Hex/Erth       3%         N/A       95%         4
 Lee's Rapid Deconstruct  Erth           3%         3d6*      99%         5


Dungeon Overview and Level Annotations

Branches:
Dungeon (1/1)

Altars:
Cheibriados
Dithmenos
Elyvilon
Gozag
Hepliaklqana
Kikubaaqudgha
Makhleb
Nemelex Xobeh
Okawaru
Qazlal
Ru
Sif Muna
Trog
Uskayaw
Vehumet
Wu Jian
Xom
Yredelemnul
Zin
The Shining One
Beogh
Jiyva
Lugonu

Shops:
D [::=


Innate Abilities, Weirdness & Mutations

You have blades for hands.
Your spellcasting is less reliable in this form.
You are incapable of wielding weapons or throwing items.
((You are very nimble when in or above water. (Stealth+, EV+, Speed+++)))
Your lower body shifts to a powerful aquatic tail in water.


Message History

There is a viscous altar of Jiyva here.
There is a hazy altar of Hepliaklqana here.
There is an opulent altar of Gozag here.
There is an open door here.
There is an open door here.
There is an open door here.
There is an open door here.
There is an open door here.
You see here a +2 dagger of speed.
You open the door.
Found 11 gold pieces.
There is an open door here.
You now have 722 gold pieces (gained 11).
Found 17 gold pieces.
Found a cyan potion.
A spriggan druid comes into view. It is wielding a +0 quarterstaff.
You see here 13 gold pieces.
You see here 4 gold pieces.
Casting: Wereblood (safe; 1% risk of failure)
Confirm with . or Enter, or press ? or * to list all spells.
Your hands turn into razor-sharp scythe blades.
Your +2 pair of gloves of dexterity melds into your body.
You feel clumsy.
The spriggan druid hits you with a +0 quarterstaff.
You barely miss the spriggan druid.
The spriggan druid completely misses you.
You closely miss the spriggan druid. You slash the spriggan druid.
The spriggan druid is lightly wounded.
The spriggan druid hits you with a +0 quarterstaff!!
You slash the spriggan druid!
The spriggan druid is moderately wounded.
The spriggan druid hits you with a +0 quarterstaff!
You miss the spriggan druid.
The spriggan druid is moderately wounded.
You barely miss the spriggan druid.
The spriggan druid is moderately wounded.
The spriggan druid casts a spell at you.
The stone arrow hits you!!
You die...
Your body crumbles into a pile of gold.

..'.#...'.._._._._._..'.)#...#...
..#.#...#..._._._._...#..###'##..
######'##.._._._._._..#.[##∩∩.'..
....'...#._._._._._.⌠.###########
....#...############### $
♣..######♣♣♣♣♣..♣!# $
#####.)'......♣..♣#
.......#♣..♣♣♣.♣i.#
.......#.♣♣..♣.$@♣ $ #########
######## $


You could see a spriggan druid.

Vanquished Creatures
  2 oklob plants (D)
  3 wandering mushrooms (D)
  3 burning bushes (D)
  A queen bee (D)
  3 scorpions (D)
  4 killer bees (D)
  5 oklob saplings (D)
  2 spriggans (D)
  A river rat (D)
  A rat (D)
25 creatures vanquished.

Notes
Turn   | Place    | Note
-------+----------+-------------------------------------------
     0 | D        | mhtbhm the Merfolk Transmuter began the quest for the Orb.
     0 | D        | Reached XP level 1. HP: 15/15 MP: 3/3
    18 | D        | Reached skill level 4 in Unarmed Combat
    18 | D        | Reached XP level 2. HP: 19/21 MP: 3/5
   187 | D        | Learned a level 2 spell: Wereblood
   195 | D        | Noticed an oklob sapling
   195 | D        | Noticed a scorpion
   199 | D        | Killed a scorpion
   200 | D        | Reached skill level 6 in Unarmed Combat
   200 | D        | Reached XP level 3. HP: 26/26 MP: 2/8
   200 | D        | Reached XP level 4. HP: 32/32 MP: 2/9
   204 | D        | Reached skill level 7 in Unarmed Combat
   204 | D        | Reached skill level 5 in Transmutations
   207 | D        | Found the amulet of invisibility {+Inv}
   537 | D        | Learned a level 3 spell: Spider Form
   542 | D        | Learned a level 4 spell: Ice Form
   555 | D        | Reached skill level 5 in Dodging
   555 | D        | Reached XP level 5. HP: 37/37 MP: 3/11
   588 | D        | Found an opulent altar of Gozag.
   588 | D        | Found a hazy altar of Hepliaklqana.
   588 | D        | Found a burning altar of Makhleb.
   588 | D        | Found a sparkling altar of Nemelex Xobeh.
   588 | D        | Found a snail-covered altar of Cheibriados.
   588 | D        | Found a sacrificial altar of Ru.
   588 | D        | Found a shimmering blue altar of Sif Muna.
   588 | D        | Found a shimmering altar of Xom.
   588 | D        | Found a basalt altar of Yredelemnul.
   589 | D        | Found a viscous altar of Jiyva.
   589 | D        | Found a bloodstained altar of Trog.
   589 | D        | Found an ornate altar of the Wu Jian Council.
   590 | D        | Found an iron altar of Okawaru.
   590 | D        | Found a shadowy altar of Dithmenos.
   590 | D        | Found a glowing silver altar of Zin.
   591 | D        | Found an ancient bone altar of Kikubaaqudgha.
   591 | D        | Found a hide-covered altar of Uskayaw.
   592 | D        | Found a stormy altar of Qazlal.
   592 | D        | Found a white marble altar of Elyvilon.
   592 | D        | Found a glowing golden altar of the Shining One.
   593 | D        | Became a worshipper of Gozag Ym Sagoz the Greedy
   594 | D        | Found a corrupted altar of Lugonu.
   594 | D        | Found a radiant altar of Vehumet.
   609 | D        | Reached skill level 8 in Unarmed Combat
   609 | D        | Reached skill level 5 in Spellcasting
   609 | D        | Reached skill level 1 in Evocations
   993 | D        | Reached skill level 1 in Stealth
  1000 | D        | Reached XP level 6. HP: 17/43 MP: 8/14
  1005 | D        | Reached skill level 9 in Unarmed Combat
  1111 | D        | Found Waumock's Book Shop.
  1111 | D        | Found Gosiyseh's Antique Armour Emporium.
  1117 | D        | Bought a book of Weapons for 336 gold pieces
  1123 | D        | Learned a level 5 spell: Blade Hands
  1553 | D        | Noticed a burning bush
  1553 | D        | Noticed a wandering mushroom
  1554 | D        | Noticed a wandering mushroom
  1558 | D        | Killed a wandering mushroom
  1559 | D        | Reached skill level 10 in Unarmed Combat
  1559 | D        | Reached skill level 1 in Poison Magic
  1559 | D        | Reached XP level 7. HP: 36/48 MP: 9/17
  1561 | D        | Killed a wandering mushroom
  1562 | D        | Reached skill level 5 in Evocations
  1570 | D        | Killed a burning bush
  1571 | D        | Reached skill level 5 in Stealth
  1571 | D        | Reached skill level 11 in Unarmed Combat
  1571 | D        | Reached skill level 10 in Transmutations
  1571 | D        | Reached XP level 8. HP: 21/54 MP: 11/20
  1758 | D        | Found Otsyxij's Jewellery Emporium.
  1758 | D        | Found Zudesmah's Book Shoppe.
  1765 | D        | Bought a book of the Earth for 360 gold pieces
  1772 | D        | Learned a level 6 spell: Statue Form
  1951 | D        | Noticed a queen bee
  1963 | D        | Killed a queen bee
  2309 | D        | Noticed an oklob plant
  2314 | D        | Killed an oklob plant
  2315 | D        | Reached skill level 12 in Unarmed Combat
  2315 | D        | Reached XP level 9. HP: 33/61 MP: 14/22
  2515 | D        | Noticed a burning bush
  2520 | D        | Killed a burning bush
  2565 | D        | Noticed a burning bush
  2565 | D        | Noticed an oklob plant
  2566 | D        | Noticed a wandering mushroom
  2571 | D        | Killed a burning bush
  2582 | D        | Killed an oklob plant
  2587 | D        | Killed a wandering mushroom
  2588 | D        | Reached skill level 13 in Unarmed Combat
  2588 | D        | Reached skill level 10 in Spellcasting
  2749 | D        | Bought a glowing cloak for 180 gold pieces
  2811 | D        | Noticed a spriggan druid
  2818 | D        | Killed from afar by a spriggan druid

Illustrated notes

Levels and vault maps discovered:
D:        dungeon_sprint_fedhas [sprint_temple]

Skill      XL: |  1  2  3  4  5  6  7  8  9 |
---------------+----------------------------+-----
Dodging        | 3 4 5 6 7 |  7.6
Unarmed Combat | 4 6 7 8 10 11 12 13 | 13.1
Transmutations | 3 4 5 7 9 10 11 12 | 12.1
Spellcasting   | 3 4 5 7 8 9 10 | 10.0
Evocations     | 2 4 5 6 7 |  7.8
Stealth        | 1 3 5 7 9 |  9.3
Poison Magic   | 1 |  1.7
Fighting       | 2 |  2.4
Ice Magic      | |  0.7

Action                   |  1- 3 |  4- 6 |  7- 9 || total
-------------------------+-------+-------+-------++-------
Melee: Unarmed           |    13 |    33 |    56 ||   102
       Headbutt          |     3 |     6 |       ||     9
       Punch             |       |       |     4 ||     4
 Cast: Beastly Appendage |     3 |     3 |       ||     6
       Wereblood         |     1 |     4 |     2 ||     7
       Spider Form       |       |     1 |       ||     1
       Blade Hands       |       |     2 |     5 ||     7
       Ice Form          |       |       |     1 ||     1
 Abil: Evoke Invisibilit |       |     5 |     4 ||     9
Evoke: Piece from Xom's  |       |       |     1 ||     1
  Use: Potion            |     1 |     1 |       ||     2
       Scroll            |       |       |     3 ||     3
 Stab: Sleeping          |       |     1 |     3 ||     4
       Invisible         |       |     1 |     6 ||     7
       Distracted        |       |       |     1 ||     1
Armor: Robe              |     2 |       |     2 ||     4
Dodge: Dodged            |     7 |    13 |    20 ||    40

Table legend: (Time is in decaauts)
 A = Elapsed time spent in this place.
 B = Non-inter-level travel time spent in this place.
 C = Inter-level travel time spent in this place.
 D = Time resting spent in this place.
 E = Time spent auto-exploring this place.
 F = Levels seen in this place.
 G = Mean time per level.
                   A        B        C        D        E       F      G
               +--------+--------+--------+--------+--------+-----+--------+
         Total |   2808 |   2755 |     53 |   2208 |      6 |   1 | 2808.0 |
       Dungeon |   2808 |   2755 |     53 |   2208 |      6 |   1 | 2808.0 |
               +--------+--------+--------+--------+--------+-----+--------+

Top non-repeatable levels by time:
       D: 2808 daAuts
